 Dungeon Crawl Stone Soup version 0.21.0-26-g889b8f6872 (webtiles) character file.

12053 Kullinuha the Cleaver (level 11, -10/99 HPs)
             Began as a Deep Dwarf Fighter on Jan 6, 2018.
             Was a High Priest of the Shining One.
             Killed from afar by an ice dragon (16 damage)
             ... with a blast of cold
             ... in an ice cave on Jan 28, 2018.
             The game lasted 03:38:08 (10804 turns).

Kullinuha the Cleaver (Deep Dwarf Fighter)         Turns: 10804, Time: 03:38:08

Health: -10/99     AC: 20    Str: 21    XL:     11   Next: 57%
Magic:  5/5        EV:  8    Int: 10    God:    the Shining One [*****.]
Gold:   750        SH: 14    Dex: 13    Spells: 10/10 levels left

rFire    . . .     SeeInvis .   a - +4 war axe (flame)
rCold    . . .     Gourm    .   w - +2 shield {AC+3}
rNeg     + + +     Faith    .   M - +1 chain mail {MR+}
rPois    .         Spirit   .   g - +0 helmet
rElec    .         Reflect  .   (no cloak)
rCorr    .         Harm     .   (no gloves)
MR       ++...                  O - +2 pair of boots
Stlth    ..........             (no amulet)
HPRegen  0.00/turn              h - ring of wizardry
MPRegen  0.09/turn              n - ring of positive energy

@: non-regenerating, glowing
A: damage resistance, heal wounds, sense surroundings 2, no regeneration
a: Heal Wounds, Divine Shield, Cleansing Flame, Summon Divine Warrior, Renounce
Religion


You were in an ice cave.
You worshipped the Shining One.
The Shining One was extremely pleased with you.
You were not hungry.

You visited 3 branches of the dungeon, and saw 12 of its levels.
You also visited: Ice Cave.

You collected 1044 gold pieces.
You spent 294 gold pieces at shops.

Inventory:

Hand Weapons
 a - a +4 war axe of flaming (weapon)
 p - a cursed -1 mace
 r - a +1 short sword of venom
 z - a cursed +3 spear of freezing
 C - a +1 short sword of electrocution
 F - a +4 flail
 H - a +4 scimitar
 I - a +3 scimitar
 L - a +2 short sword of venom
Missiles
 o - 119 stones
 J - 10 tomahawks (quivered)
 W - 3 javelins
Armour
 b - a +2 plate armour of fire resistance
 g - a +0 helmet (worn)
 q - a +2 chain mail of fire resistance
 w - a +2 shield of protection (worn)
 D - a +0 helmet
 M - a +1 chain mail of magic resistance (worn)
 O - a +2 pair of boots (worn)
Jewellery
 h - a ring of wizardry (left hand)
 n - a ring of positive energy (right hand)
 x - an uncursed ring of stealth
 y - a +3 ring of evasion
 G - an uncursed ring of protection from fire {unknown}
 U - an uncursed ring of stealth
Wands
 m - a wand of enslavement (6)
 v - a wand of flame (26)
 E - a wand of paralysis (27)
 K - a wand of digging (14)
 V - a wand of iceblast (13)
Scrolls
 e - 4 scrolls of teleportation
 l - 2 scrolls of fear
 u - 4 scrolls of fog
 B - 2 scrolls of magic mapping
 Q - a scroll of amnesia
Potions
 d - a potion of berserk rage {unknown}
 f - a potion of heal wounds
 i - a potion of cancellation {unknown}
 j - 4 potions of lignification {unknown}
 k - 4 potions of curing
 A - a potion of ambrosia
 R - a potion of resistance {unknown}
 S - a potion of brilliance {unknown}
 T - a potion of mutation {unknown}
Books
 s - a book of Power

   Spells                             Type                      Level
   a - Iskenderun's Battlesphere      Conjuration/Charms           5
   b - Venom Bolt                     Conjuration/Poison           5
   c - Bolt of Magma                  Conjuration/Fire/Earth       5
   d - Iron Shot                      Conjuration/Earth            6
   e - Orb of Destruction             Conjuration                  7
   f - Spellforged Servitor           Conjuration/Summoning        7
 N - a book of Changes

   Spells                             Type                      Level
   a - Beastly Appendage              Transmutation                1
   b - Sticks to Snakes               Transmutation                2
   c - Spider Form                    Transmutation/Poison         3
   d - Ice Form                       Ice/Transmutation            4
   e - Blade Hands                    Transmutation                5
Comestibles
 t - 12 rations


   Skills:
 * Level 6.7 Fighting
 * Level 12.8 Axes
 + Level 4.9 Throwing
 * Level 8.9 Armour
 + Level 2.4 Dodging
 * Level 9.5 Shields
 + Level 0.1 Evocations


You had 10 spell levels left.
You didn't know any spells.

Dungeon Overview and Level Annotations

Branches:
Dungeon (10/15)            Temple (1/1) D:4             Orc (1/2) D:10
   Lair: D:8-11

Altars:
Ashenzari
Cheibriados
Dithmenos
Elyvilon
Fedhas
Gozag
Hepliaklqana
Kikubaaqudgha
Makhleb
Nemelex Xobeh
Okawaru
Qazlal
Ru
Sif Muna
Trog
Uskayaw
Vehumet
Wu Jian
Xom
Yredelemnul
Zin
The Shining One

Shops:
D:4 *[   D:8 *}   D:9 %!!=(   D:10 =


Innate Abilities, Weirdness & Mutations

You are resistant to damage.
You can heal yourself by infusing magical energy.
You passively map the area around you.
You do not regenerate.


Message History

The ice dragon tramples you but does no damage.
You hit the ice dragon but do no damage.
The ice dragon is moderately wounded.
The ice dragon breathes frost at you. The blast of cold hits you!
You feel much better.
Aiming: Throw Flame
Press: ? - help, Shift-Dir - straight line, f - ice dragon
Aim: an ice dragon (moderately wounded, catching its breath, haloed)
The puff of flame hits the ice dragon.
The ice dragon is moderately wounded.
The ice dragon bites you. You block the ice dragon's attack.
The ice dragon tramples you but does no damage.
The ice dragon breathes frost at you. The blast of cold hits you!
* * * LOW HITPOINT WARNING * * *
You fail to use your ability.
The ice dragon breathes frost at you. The blast of cold hits you!
You die...

.......## #..#
.......# ##.#
#.....## #.##
#.....# #..#
*##..## #..# *.#.#*
#..## *##..* ##..##
*#.## *##..###
#..##**≈##.@D#
##..#*≈≈≈###D###
#..##*≈≈≈*#..#.##
##.##*≈≈≈≈##.##..#
#.#.#*≈≈≈≈#..#...#
##.##*≈≈≈≈##...#.##
#..#*≈≈≈≈≈#####D.#
#
##.##≈≈≈≈**,*#...#
# #..#*≈≈≈**,,##..#


You could see 2 ice dragons.

Vanquished Creatures
  A two-headed ogre (D:9)
  An unseen horror (D:10)
  2 ice statues (IceCv)
  Psyche (D:10)
  2 gargoyles
  2 rime drakes (IceCv)
  A hornet (D:10)
  3 hippogriffs
  4 yaks
  2 hungry ghosts (D:10)
  Duvessa (D:6)
  2 water moccasins (D:10)
  2 sky beasts
  9 orc warriors
  5 ogres
  17 ice beasts
  The ghost of cada the Covered, an amateur BaFi (D:3)
  2 phantoms
  A centaur (D:10)
  A crocodile (D:8)
  2 big kobolds (D:10)
  2 bullfrogs
  6 scorpions
  Dowan (D:6)
  A water moccasin skeleton (D:8)
  9 killer bees
  2 troll zombies (D:10)
  12 wights
  3 howler monkeys (D:9)
  3 crimson imps
  A centaur zombie (D:6)
  A quasit (D:9)
  A gnoll shaman (D:6)
  10 orc priests
  2 bullfrog skeletons (D:6)
  3 hounds
  4 jellies
  9 orc wizards
  An iguana (D:4)
  3 worker ants
  Natasha (twice) (D:3)
  6 ogre zombies (D:10)
  A hound zombie (D:5)
  A hound skeleton (D:5)
  Robin (D:2)
  A worker ant zombie (D:6)
  12 gnolls
  11 adders
  2 river rats (D:3)
  12 white imps (Orc:1)
  3 adder skeletons
  2 worms
  2 dart slugs (D:1)
  4 leopard geckos
  49 orcs
  3 giant cockroaches
  12 goblins
  7 hobgoblins
  6 jackals
  2 quokkas
  3 ball pythons
  A ball python skeleton (D:5)
  8 bats
  2 frilled lizards
  2 goblin skeletons (D:10)
  3 goblin zombies (D:10)
  2 hobgoblin zombies (D:10)
  A jackal zombie (D:7)
  11 kobolds
  2 orc skeletons (D:10)
  15 orc zombies (D:10)
  7 rats
  A fungus (D:8)
333 creatures vanquished.

Notes
Turn   | Place    | Note
-------+----------+-------------------------------------------
     0 | D:1      | Kullinuha the Deep Dwarf Fighter began the quest for the Orb.
     0 | D:1      | Reached XP level 1. HP: 20/20 MP: 1/1
   141 | D:1      | Upgraded the game from 0.21-b1-23-g1fb0a74c36 to 0.21.0-24-g2553a3340b
   195 | D:1      | Reached XP level 2. HP: 18/27 MP: 2/2
  2103 | D:2      | Noticed Robin
  2121 | D:2      | Reached XP level 3. HP: 31/34 MP: 3/3
  2135 | D:2      | Killed Robin
  2141 | D:2      | Reached skill level 3 in Axes
  2371 | D:2      | Reached XP level 4. HP: 27/42 MP: 4/4
  2706 | D:3      | Noticed Natasha
  2992 | D:3      | Reached XP level 5. HP: 33/49 MP: 5/5
  3142 | D:3      | Killed Natasha
  3142 | D:3      | Reached skill level 4 in Axes
  3167 | D:3      | Noticed cada's ghost (amateur BaFi)
  3198 | D:3      | Killed cada's ghost
  3198 | D:3      | Reached XP level 6. HP: 29/56 MP: 6/6
  3250 | D:3      | Found a glowing drain.
  3360 | D:3      | Noticed Natasha
  3367 | D:3      | Killed Natasha
  3495 | D:4      | Found Ceutiuj's Armour Emporium.
  3500 | D:4      | Bought a +0 shield of protection for 126 gold pieces
  3580 | D:4      | Reached skill level 5 in Axes
  3705 | D:4      | Found a staircase to the Ecumenical Temple.
  3735 | Temple   | Entered the Ecumenical Temple
  4280 | D:4      | Found Gudwetta's Assorted Antiques.
  4346 | D:5      | Entered Level 5 of the Dungeon
  4346 | D:5      | Noticed an ice beast
  4358 | D:5      | Killed an ice beast
  4358 | D:5      | Reached skill level 5 in Armour
  4358 | D:5      | Reached XP level 7. HP: 62/62 MP: 6/6
  4465 | D:5      | Reached skill level 1 in Throwing
  4465 | D:5      | Reached skill level 5 in Shields
  4581 | D:5      | Reached skill level 1 in Dodging
  4631 | D:5      | Reached skill level 6 in Axes
  4720 | D:5      | Found a shimmering altar of Xom.
  4953 | D:6      | Reached XP level 8. HP: 68/72 MP: 7/7
  5291 | D:6      | Reached skill level 7 in Axes
  5299 | D:6      | Noticed Duvessa
  5301 | D:6      | Noticed Dowan
  5313 | D:6      | Killed Dowan
  5321 | D:6      | Killed Duvessa
  5889 | D:7      | Noticed a gargoyle
  5901 | D:7      | Killed a gargoyle
  5901 | D:7      | Reached skill level 8 in Axes
  5975 | D:7      | Gained mutation: You passively map the area around you. [Deep Dwarf growth]
  5975 | D:7      | Reached XP level 9. HP: 72/78 MP: 8/8
  6413 | D:7      | Reached skill level 9 in Axes
  7041 | D:8      | Found a shimmering altar of Xom.
  7205 | D:8      | Found Lual's Gadget Emporium.
  7372 | D:8      | Reached skill level 10 in Axes
  7555 | D:8      | Found a glowing golden altar of the Shining One.
  7574 | D:8      | Became a worshipper of the Shining One
  7846 | D:8      | Found Hyusopt's General Store.
  7849 | D:8      | Bought a scroll of identify for 28 gold pieces
  8060 | D:9      | Found Weommyge's Food Shoppe.
  8089 | D:9      | Reached XP level 10. HP: 58/87 MP: 7/7
  8138 | D:9      | Bought a ration for 70 gold pieces
  8138 | D:9      | Bought a ration for 70 gold pieces
  8248 | D:9      | Reached skill level 5 in Fighting
  8428 | D:9      | Found Avvant's Distillery.
  8489 | D:9      | Found Pyraff's Antique Weapon Shop.
  8587 | D:9      | Found Ruahay's Distillery.
  8642 | D:9      | Found Soxyfel's Jewellery Shop.
  8896 | D:9      | Reached * piety under the Shining One
  8960 | D:9      | Noticed a two-headed ogre
  8965 | D:9      | Killed a two-headed ogre
  9253 | D:10     | Entered Level 10 of the Dungeon
  9281 | D:10     | Reached skill level 11 in Axes
  9396 | D:10     | Found Ligac's Jewellery Shop.
  9437 | D:10     | Reached ** piety under the Shining One
  9530 | D:10     | Reached *** piety under the Shining One
  9585 | D:10     | Found a staircase to the Orcish Mines.
  9641 | D:10     | Noticed a gargoyle
  9641 | D:10     | Reached **** piety under the Shining One
  9649 | D:10     | Killed a gargoyle
  9652 | D:10     | Noticed Psyche
  9666 | D:10     | Killed Psyche
  9826 | D:10     | Noticed an unseen horror
  9838 | D:10     | Killed an unseen horror
  9838 | D:10     | Reached XP level 11. HP: 96/97 MP: 8/8
  9922 | D:10     | Reached skill level 12 in Axes
 10358 | D:10     | Upgraded the game from 0.21.0-24-g2553a3340b to 0.21.0-25-ge575cb9ce8
 10366 | D:10     | Upgraded the game from 0.21.0-25-ge575cb9ce8 to 0.21.0-26-g889b8f6872
 10369 | Orc:1    | Entered Level 1 of the Orcish Mines
 10417 | Orc:1    | Reached ***** piety under the Shining One
 10436 | Orc:1    | Found a frozen archway.
 10505 | IceCv    | Entered an ice cave
 10781 | IceCv    | Noticed an ice dragon
 10781 | IceCv    | Noticed an ice dragon
 10804 | IceCv    | Killed from afar by an ice dragon

Skill      XL: |  1  2  3  4  5  6  7  8  9 10 11 |
---------------+----------------------------------+-----
Fighting       | 3 4 6 |  6.7
Axes           | 3 4 5 6 8 10 11 12 | 12.8
Armour         | 4 5 6 7 8 |  8.9
Shields        | 4 5 6 7 8 9 |  9.5
Throwing       | 2 3 4 |  4.9
Dodging        | 1 2 |  2.4
Evocations     | |  0.1

Action                   |  1- 3 |  4- 6 |  7- 9 | 10-12 || total
-------------------------+-------+-------+-------+-------++-------
Melee: War axe           |   120 |   152 |   342 |   327 ||   941
Throw: Stone             |     3 |    30 |    83 |    26 ||   142
       Tomahawk          |     2 |    14 |    35 |    66 ||   117
       Javelin           |       |       |       |     6 ||     6
Invok: Divine Shield     |       |       |       |     1 ||     1
 Abil: Heal Wounds       |     2 |     7 |    11 |    19 ||    39
Evoke: Wand              |       |       |       |     2 ||     2
  Use: Scroll            |     5 |    10 |    12 |     9 ||    36
       Potion            |     1 |       |     9 |       ||    10
  Eat: Ration            |     2 |     2 |     3 |     4 ||    11
Armor: Scale mail        |    56 |    69 |    66 |       ||   191
       Chain mail        |       |       |    47 |   131 ||   178
Dodge: Dodged            |    34 |    45 |    78 |    70 ||   227
Block: Shield            |    69 |   104 |   204 |   240 ||   617
